 Dungeon Crawl Stone Soup version 0.23.2-30-g0e89c35649 (webtiles) character file.

Game seed: 6878888726573629672

125834 senseless the Spry (level 16, -22/146 HPs)
             Began as a Minotaur Fighter on June 14, 2019.
             Was the Champion of Trog.
             Killed from afar by Nikola (31 damage)
             ... with a bolt of lightning
             ... on level 1 of the Elven Halls on June 17, 2019.
             The game lasted 01:52:31 (21271 turns).

senseless the Spry (Minotaur Fighter)              Turns: 21271, Time: 01:52:32

Health: -22/146    AC: 19    Str: 25 (26) XL:     16   Next: 42%
Magic:  0/15       EV: 22    Int:  7      God:    Trog [******]
Gold:   232        SH: 20    Dex: 14      Spells: 15/15 levels left

rFire    . . .     SeeInvis .   Z - +9 long sword
rCold    . . .     Gourm    .   c - +2 shield
rNeg     . . .     Faith    .   E - +3 ring mail {rPois}
rPois    +         Spirit   +   (helmet restricted)
rElec    .         Reflect  .   S - scarf {cloud immunity}
rCorr    .         Harm     .   a - +1 pair of gloves "Cunaott" {Int+2}
MR       ++...                  y - +2 pair of boots
Stlth    +.........             W - amulet "Plog" {Spirit rPois Slay+3}
HPRegen  0.34/turn              p - +2 ring of protection
MPRegen  0.14/turn              V - ring of protection from magic

@: no status effects
A: retaliatory headbutt, hooves 1, horns 2, large bone plates 1, deterioration
1, strong 1, MP-powered wands
a: Berserk, Trog's Hand, Brothers in Arms, Renounce Religion


You were on level 1 of the Elven Halls.
You worshipped Trog.
Trog was exalted by your worship.
You were not hungry.

You visited 6 branches of the dungeon, and saw 22 of its levels.
You visited the Abyss 1 time.
You also visited: Sewer, Gauntlet and Volcano.

You collected 1619 gold pieces.
You spent 1387 gold pieces at shops.

Inventory:

Hand Weapons
 i - the +0 falchion "Baileihu" {freeze, rElec rPois rN+ Dex+2}
   (You found it on level 4 of the Dungeon)

   It has been specially enchanted to freeze those struck by it, causing extra
   injury to most foes and up to half again as much damage against particularly
   susceptible opponents.
   It can also slow down cold-blooded creatures.
   It affects your dexterity (+2).
   It insulates you from electricity.
   It protects you from poison.
   It protects you from negative energy.
 B - a +1 antimagic long sword
 G - a +3 scimitar of protection
 P - a +3 dire flail of pain
 T - a +7 double sword of holy wrath
 U - a +6 long sword
 Z - a +9 long sword (weapon)
Missiles
 o - 26 javelins of returning (quivered)
 D - 5 tomahawks of dispersal
Armour
 a - the +1 pair of gloves "Cunaott" (worn) {Int+2}
   (You found it in a volcano)

   It affects your intelligence (+2).
 c - a +2 shield (worn)
 y - a +2 pair of boots (worn)
 E - a +3 ring mail of poison resistance (worn)
 S - a scarf of cloud immunity (worn)
 Y - the +1 chain mail of the Distant Future {Str+2 Int+4}
   (You found it on level 13 of the Dungeon)

   It affects your strength (+2).
   It affects your intelligence (+4).
Jewellery
 m - an uncursed amulet of regeneration
 p - a +2 ring of protection (left hand)
 t - an uncursed ring of positive energy
 u - an uncursed ring of protection from cold
 A - an uncursed ring of protection from fire
 H - a +3 ring of intelligence
 I - an uncursed ring of protection from cold
 J - an uncursed amulet of the gourmand
 K - a +2 ring of protection
 M - an uncursed amulet of magic regeneration
 V - a ring of protection from magic (right hand)
 W - the amulet "Plog" (around neck) {Spirit rPois Slay+3}
   (You found it in a Gauntlet)

   [amulet of guardian spirit]

   It causes incoming damage to be split between your health and magic.
   It affects your accuracy and damage with ranged weapons and melee attacks
   (+3).
   It protects you from poison.
Wands
 h - a wand of digging (12)
 j - a wand of flame (52)
 q - a wand of random effects (17)
 F - a wand of acid (5)
Scrolls
 l - 3 scrolls of blinking
 n - 6 scrolls of teleportation
 r - 5 scrolls of remove curse
 v - 3 scrolls of magic mapping
 C - 2 scrolls of identify
Potions
 b - a potion of magic {unknown}
 d - 6 potions of might
 e - 2 potions of haste
 g - 9 potions of curing
 k - 9 potions of agility
 s - 2 potions of brilliance
 w - a potion of cancellation
 x - 2 potions of berserk rage
 z - 4 potions of lignification
 L - a potion of invisibility
 N - 3 potions of flight
 O - a potion of resistance {unknown}
 R - a potion of ambrosia
Comestibles
 f - 46 rations


   Skills:
 + Level 14.0 Fighting
 + Level 13.9 Long Blades
 + Level 14.0 Armour
 * Level 17.1 Dodging
 + Level 14.0 Shields


You had 15 spell levels left.
You didn't know any spells.
Your spell library was empty.

Dungeon Overview and Level Annotations

Branches:
Dungeon (15/15)            Temple (0/1) D:6            Lair (2/6) D:9
  Swamp (1/4) Lair:2       Spider (1/4) Lair:2          Orc (2/2) D:10
    Elf (1/3) Orc:2        Vaults (0/5) D:14         Depths (0/5) D:15

Altars:
Ashenzari
Elyvilon
Gozag
Hepliaklqana
Kikubaaqudgha
Trog
Vehumet
The Shining One
Beogh

Shops:
D:10 *   D:11 :   D:14 *   D:15 [   Orc:2 :!}(

Annotations:
Elf:1 Nikola


Innate Abilities, Weirdness & Mutations

You reflexively headbutt those who attack you in melee.
You have a pair of horns on your head.
You have large cloven feet.
You are partially covered in large bone plates. (SH +4)
Your body sometimes deteriorates upon taking damage.
Your muscles are strong. (Str +2)
You expend magic power (3 MP) to strengthen your wands.


Message History

Nikola hits you but does no damage.
You are electrocuted!
* * * LOW HITPOINT WARNING * * *
Items here: ) ? [ † a +0 dagger; a +0 leather armour; a scroll of remove curse; an elf corpse You closely miss Nikola.
Nikola is severely wounded.
You block Nikola's attack.
You slash Nikola!
Nikola is severely wounded.
You slash Nikola!
Nikola is almost dead.
Nikola casts a spell.
Nikola blinks!
A deep elf mage comes into view. It is wielding a +0 short sword.
Nikola points at you and mumbles some strange words.
The zap hits you!
* * * LOW HITPOINT WARNING * * *
Nikola casts a spell at you. The bolt of lightning hits you!!
You die...

####+##++####.
#...........#..### .
###++##...........+....≈
..###.....#@..........#...)≈
#.......@......#......##..≈≈
#.............###.....##..≈≈
#.........)##+# ##'#####..≈≈
..###e.....##.####........≈≈
#........'..............≈≈
#.#......##.......####...≈
#........##..####.# ##..≈
..........##. #.# #.##


You could see Nikola and a deep elf mage.

Vanquished Creatures
  Kirke (D:11)
  Roxanne (D:15)
  Nessos (D:13)
  A minotaur (Gauntlet)
  Snorg (D:11)
  A yaktaur captain (D:14)
  Josephine (D:9)
  An ogre mage (Orc:2)
  Erolcha (D:13)
  6 hydras
  A death knight (D:14)
  Harold (D:7)
  A two-headed ogre (shapeshifter) (D:15)
  An alligator (Swamp:1)
  8 centaur warriors
  4 two-headed ogres
  3 dancing weapons
  3 tengu warriors
  8 death yaks
  Urug (D:11)
  A hell knight (Volcano)
  Nergalle (Orc:2)
  Sonja (D:11)
  A sun demon (Volcano)
  3 unseen horrors
  A deep troll (D:12)
  A deep elf archer (D:15)
  An obsidian statue (Volcano)
  Pikel (D:7)
  An orange crystal statue (Gauntlet)
  4 orc knights
  An orb spider (Spider:1)
  A necromancer (Gauntlet)
  8 orc sorcerers (Orc:2)
  2 wolf spiders (Spider:1)
  4 ugly things
  6 deep elf magi
  3 manticores
  6 cyclopes
  Maurice (D:8)
  3 black mambas
  Joseph (D:9)
  4 spiny frogs (Lair:2)
  4 kobold demonologists (D:13)
  4 centaur skeletons
  An efreet (D:15)
  6 komodo dragons
  2 jumping spiders (Spider:1)
  3 meliai (D:15)
  A queen bee (Lair:1)
  6 trolls
  4 hornets
  A blink frog (shapeshifter) (Elf:1)
  6 hippogriffs
  A slime creature (D:15)
  Grinder (D:6)
  A bog body (Lair:2)
  4 flying skulls (Gauntlet)
  8 redbacks (Spider:1)
  3 shadows
  7 tarantellas (Spider:1)
  A centaur simulacrum (D:15)
  5 hogs
  15 wraiths
  10 yaks
  3 wyverns
  6 hungry ghosts
  5 fire bats (Volcano)
  4 basilisks
  4 vampire mosquitoes (D:15)
  A steam dragon (D:9)
  2 wargs (Orc:2)
  4 swamp worms (D:10)
  2 acid dragons
  A water moccasin (Lair:2)
  2 porcupines
  A hell hound (Volcano)
  3 soldier ants
  Duvessa (D:5)
  A black bear (shapeshifter) (D:15)
  25 orc warriors
  A sky beast (D:6)
  A black bear (D:6)
  4 ice beasts
  A phantom (D:9)
  An eye of draining (shapeshifter) (D:13)
  12 ogres
  3 eyes of draining
  2 wolves (Lair:2)
  12 centaurs
  5 crocodiles
  6 big kobolds
  10 bullfrogs
  A gnoll sergeant (D:7)
  A water moccasin zombie (D:6)
  4 scorpions
  Dowan (D:5)
  31 killer bees
  7 wights
  7 howler monkeys
  5 centaur zombies
  6 lava snakes (Volcano)
  9 crimson imps
  A quasit (D:5)
  6 hounds
  15 orc priests
  2 jellies
  A bullfrog skeleton (D:4)
  A gnoll shaman (D:8)
  37 orc wizards
  2 iguanas
  Ijyb (D:3)
  6 worker ants
  A hound zombie (D:9)
  A worker ant zombie (D:5)
  A howler monkey zombie (D:5)
  12 gnolls
  2 howler monkey skeletons
  A river rat (D:4)
  13 adders
  2 shadow imps
  An ooze (Sewer)
  2 adder skeletons (D:5)
  2 worms (D:2)
  5 leopard geckos
  69 orcs
  8 bats
  8 giant cockroaches
  7 hobgoblins
  18 jackals
  25 kobolds
  A quokka (D:9)
  7 ball pythons
  4 frilled lizards
  A giant cockroach zombie (D:5)
  10 goblins
  A jackal zombie (D:6)
  A leopard gecko skeleton (D:4)
  A quokka zombie (D:7)
  17 rats
684 creatures vanquished.

Vanquished Creatures (collateral kills)
  A hydra (D:15)
  A salamander (D:15)
  A slime creature (D:15)
3 creatures vanquished.

Vanquished Creatures (others)
  A quokka (D:8)
  10 demonic plants (Gauntlet)
  3 plants
14 creatures vanquished.

Grand Total: 701 creatures vanquished

Notes
Turn   | Place    | Note
-------+----------+-------------------------------------------
     0 | D:1      | senseless the Minotaur Fighter began the quest for the Orb.
     0 | D:1      | Reached XP level 1. HP: 19/19 MP: 0/0
   130 | D:1      | Reached XP level 2. HP: 27/27 MP: 1/1
   492 | D:1      | Reached skill level 1 in Dodging
   497 | D:1      | Reached XP level 3. HP: 33/33 MP: 2/2
   870 | D:2      | Found a bloodstained altar of Trog.
   875 | D:2      | Became a worshipper of Trog the Wrathful
  1063 | D:2      | Noticed an ice beast
  1081 | D:2      | Killed an ice beast
  1081 | D:2      | Reached skill level 2 in Dodging
  1081 | D:2      | Reached XP level 4. HP: 16/41 MP: 3/3
  1081 | D:2      | Reached XP level 5. HP: 18/47 MP: 4/4
  1510 | D:3      | Noticed Ijyb
  1529 | D:3      | Killed Ijyb
  1822 | D:3      | Reached skill level 3 in Dodging
  2003 | D:3      | Found a faded altar of an unknown god.
  2225 | D:4      | Reached XP level 6. HP: 47/53 MP: 5/5
  2320 | D:4      | Reached * piety under Trog
  2430 | D:4      | Reached skill level 5 in Shields
  2447 | D:4      | Reached skill level 5 in Armour
  2447 | D:4      | Reached skill level 4 in Dodging
  2553 | D:4      | Reached skill level 5 in Fighting
  2585 | D:4      | Got an ichor-stained falchion
  2748 | D:4      | Found a glowing drain.
  2759 | Sewer    | Entered a sewer
  3001 | Sewer    | Identified the cursed +0 falchion "Baileihu" {freeze, rElec
                  | rPois rN+ Dex+2} (You found it on level 4 of the Dungeon)
  3043 | D:4      | Reached XP level 7. HP: 56/61 MP: 6/6
  3122 | D:5      | Entered Level 5 of the Dungeon
  3137 | D:5      | Reached ** piety under Trog
  3159 | D:5      | Found a hazy altar of Hepliaklqana.
  3168 | D:5      | Noticed Dowan
  3173 | D:5      | Noticed Duvessa
  3180 | D:5      | Killed Dowan
  3192 | D:5      | Killed Duvessa
  3205 | D:5      | Reached skill level 5 in Dodging
  3475 | D:5      | Found a glowing golden altar of the Shining One.
  3624 | D:6      | Noticed Grinder
  3628 | D:6      | Killed Grinder
  3628 | D:6      | Reached skill level 5 in Long Blades
  3628 | D:6      | Reached XP level 8. HP: 70/70 MP: 7/7
  3717 | D:6      | Reached skill level 6 in Dodging
  3758 | D:6      | Found a staircase to the Ecumenical Temple.
  4293 | D:7      | Reached skill level 7 in Dodging
  4336 | D:7      | You fall through a shaft!
  4368 | D:8      | Reached XP level 9. HP: 64/78 MP: 8/8
  4568 | D:7      | Reached *** piety under Trog
  4589 | D:7      | Noticed Harold
  4594 | D:7      | Noticed Pikel
  4601 | D:7      | Killed Harold
  4601 | D:7      | Reached skill level 8 in Dodging
  4611 | D:7      | Killed Pikel
  4897 | D:8      | Reached skill level 9 in Dodging
  4900 | D:8      | Reached XP level 10. HP: 76/88 MP: 9/9
  4917 | D:8      | Found a white marble altar of Elyvilon.
  5042 | D:8      | Noticed Maurice
  5072 | D:8      | Killed Maurice
  5462 | D:8      | Found the +5 scythe "Finisher" {speed, eviscerate}
  5944 | D:9      | Reached **** piety under Trog
  5944 | D:9      | Reached skill level 10 in Dodging
  6002 | D:9      | Found a shattered altar of Ashenzari.
  6313 | D:9      | Noticed a centaur warrior
  6333 | D:9      | Killed a centaur warrior
  6458 | D:9      | Reached XP level 11. HP: 97/97 MP: 10/10
  6800 | D:9      | Found a staircase to the Lair.
  6949 | D:10     | Entered Level 10 of the Dungeon
  6951 | D:10     | Noticed a centaur warrior
  6964 | D:10     | Killed a centaur warrior
  6964 | D:10     | Reached skill level 11 in Dodging
  6982 | D:10     | Noticed Joseph
  6990 | D:10     | Noticed Josephine
  6992 | D:10     | Noticed an orc knight
  6993 | D:10     | Reached ***** piety under Trog
  6996 | D:10     | Noticed an orc knight
  7017 | D:9      | HP: 4/97 [orc knight/+0 war axe (23)]
  7019 | D:9      | Killed Joseph
  7027 | D:9      | HP: 2/97 [orc knight/+0 war axe (9)]
  7038 | D:9      | Killed an orc knight
  7173 | D:9      | Killed an orc knight
  7281 | D:9      | Killed Josephine
  7281 | D:9      | Reached skill level 10 in Armour
  7386 | D:10     | Noticed an orc knight
  7445 | D:10     | Killed an orc knight
  7445 | D:10     | Reached skill level 10 in Fighting
  7445 | D:10     | Reached skill level 10 in Shields
  7557 | D:10     | Found Ihudghefu's Assorted Antiques.
  7565 | D:10     | Bought a scroll labeled ISAUKO VYUHEJE for 29 gold pieces
  7565 | D:10     | Bought a fuming inky potion for 26 gold pieces
  7565 | D:10     | Bought a scroll of identify for 58 gold pieces
  7565 | D:10     | Bought a scroll labeled LOLOCO KYEKADD for 29 gold pieces
  7746 | D:10     | Found a roughly hewn altar of Beogh.
  7760 | D:10     | Found a staircase to the Orcish Mines.
  8034 | D:10     | Reached skill level 12 in Dodging
  8381 | D:11     | Noticed a six-headed hydra
  8408 | D:11     | Killed an 18-headed hydra
  8408 | D:11     | Reached skill level 10 in Long Blades
  8578 | D:11     | Found Qyib's Book Boutique.
  8581 | D:11     | You fall through a shaft!
  8633 | D:11     | Noticed Sonja
  8657 | D:11     | Noticed a two-headed ogre
  8689 | D:11     | Received a gift from Trog
  8704 | D:11     | Noticed Urug
  8759 | D:11     | Killed Urug
  8759 | D:11     | Reached XP level 12. HP: 50/106 MP: 11/11
  8835 | D:11     | Killed a two-headed ogre
  8875 | D:11     | Noticed a two-headed ogre
  8890 | D:11     | Killed a two-headed ogre
  9114 | D:11     | Noticed Snorg
  9130 | D:11     | Killed Snorg
  9296 | D:11     | Received a gift from Trog
  9637 | D:11     | Cast into level 2 of the Abyss (Sonja)
  9697 | Abyss:2  | Gained mutation: You are dopey. (Int -2) [a neqoxec]
  9698 | Abyss:2  | Gained mutation: You are weak. (Str -2) [a neqoxec]
  9733 | D:11     | Escaped the Abyss
  9738 | D:11     | Killed Sonja
  9950 | D:12     | Noticed a four-headed hydra
  9955 | D:12     | Killed a four-headed hydra
  9955 | D:12     | Reached skill level 13 in Dodging
 10263 | D:12     | Noticed Kirke
 10544 | D:12     | Noticed a four-headed hydra
 10551 | D:12     | Killed a four-headed hydra
 11068 | D:12     | Noticed a centaur warrior
 11081 | D:12     | Killed a centaur warrior
 11117 | D:12     | Noticed a tengu warrior
 11151 | D:12     | Killed a tengu warrior
 11166 | D:12     | Reached XP level 13. HP: 33/116 MP: 12/12
 11169 | D:12     | Identified the +1 morningstar of Trog's Envy {holy, rN+}
 11647 | D:13     | Found a gate leading to a gauntlet.
 11647 | D:13     | Noticed Erolcha
 11654 | D:13     | Killed Erolcha
 11654 | D:13     | Noticed Nessos
 11679 | D:13     | Killed Nessos
 11679 | D:13     | Reached skill level 14 in Dodging
 11712 | D:13     | HP: 2/117 [tengu warrior/+0 war axe (8)]
 11901 | Gauntlet | Entered a Gauntlet
 11901 | Gauntlet | Found a transporter.
 11901 | Gauntlet | Found a transporter.
 11905 | Gauntlet | Found a transporter.
 11905 | Gauntlet | Found a transporter.
 11918 | Gauntlet | Found a transporter.
 11929 | Gauntlet | Found a transporter.
 11935 | Gauntlet | Found a transporter.
 11937 | Gauntlet | Found a transporter.
 11937 | Gauntlet | Found a transporter.
 11941 | Gauntlet | Found a transporter.
 11975 | Gauntlet | Found a transporter.
 11993 | Gauntlet | Found a transporter.
 12039 | Gauntlet | Found a transporter.
 12061 | Gauntlet | Found a transporter.
 12157 | Gauntlet | Found a transporter.
 12173 | Gauntlet | Found a transporter.
 12786 | Gauntlet | Got a bound jade amulet
 12820 | Gauntlet | Identified the +1 trident "Cymielo" {pierce, rN+}
 12820 | Gauntlet | Noticed a minotaur
 12837 | Gauntlet | Killed a minotaur
 12960 | D:13     | Got a scorched chain mail
 12973 | D:13     | Identified the cursed +1 chain mail of the Distant Future
                  | {Str+2 Int+4} (You found it on level 13 of the Dungeon)
 12974 | D:13     | Identified the amulet "Plog" {Spirit rPois Slay+3} (You
                  | found it in a Gauntlet)
 12985 | D:13     | Lost mutation: You are weak. (Str -2) [potion of mutation]
 12985 | D:13     | Lost mutation: You are dopey. (Int -2) [potion of mutation]
 12985 | D:13     | Gained mutation: You are partially covered in large bone
                  | plates. (SH +4) [potion of mutation]
 12985 | D:13     | Gained mutation: You have large cloven feet. [potion of
                  | mutation]
 12985 | D:13     | Gained mutation: You expend magic power (3 MP) to
                  | strengthen your wands. [potion of mutation]
 12985 | D:13     | Gained mutation: Your muscles are strong. (Str +2) [potion
                  | of mutation]
 13324 | D:13     | Received a gift from Trog
 13731 | D:14     | Received a gift from Trog
 13820 | D:14     | Found a gate to the Vaults.
 13912 | D:14     | Reached XP level 14. HP: 122/127 MP: 13/13
 13989 | D:14     | Reached skill level 15 in Dodging
 14079 | D:14     | Found Gozag's Platinum Reserve.
 14079 | D:14     | Found an opulent altar of Gozag.
 14165 | D:14     | Found a bloodstained altar of Trog.
 14275 | D:14     | Found a runed translucent door.
 14691 | D:15     | Entered Level 15 of the Dungeon
 14762 | D:15     | Found Anuuguce's Armour Shoppe.
 15104 | D:15     | Found a staircase to the Depths.
 15672 | D:15     | Identified Roxanne's Papyrus of Transmutation
 15672 | D:15     | Noticed Roxanne
 16593 | D:15     | Killed Roxanne
 16760 | D:11     | Killed Kirke
 16760 | D:11     | Received a gift from Trog
 16789 | Orc:1    | Entered Level 1 of the Orcish Mines
 16962 | Orc:1    | Found a dark tunnel.
 16972 | Volcano  | Entered a volcano
 17153 | Volcano  | Found a burning altar of Makhleb.
 17167 | Volcano  | Reached skill level 16 in Dodging
 17180 | Volcano  | Got a pair of pitted gloves
 17193 | Volcano  | Identified the +1 pair of gloves "Cunaott" {Int+2} (You
                  | found it in a volcano)
 17585 | Orc:2    | Entered Level 2 of the Orcish Mines
 17613 | Orc:2    | Found a staircase to the Elven Halls.
 17713 | Orc:2    | Found a roughly hewn altar of Beogh.
 17767 | Orc:2    | Received a gift from Trog
 18075 | Orc:2    | Paralysed by an orc sorcerer for 5 turns
 18091 | Orc:2    | Found Eteyxar's Book Shoppe.
 18144 | Orc:2    | Found an ancient bone altar of Kikubaaqudgha.
 18145 | Orc:2    | Noticed Nergalle
 18158 | Orc:2    | Killed Nergalle
 18162 | Orc:2    | Found Olinidgh's Distillery.
 18182 | Orc:2    | Reached XP level 15. HP: 136/136 MP: 14/14
 18190 | Orc:2    | Gained mutation: Your body sometimes deteriorates upon
                  | taking damage. [a neqoxec]
 18244 | Orc:2    | Found a radiant altar of Vehumet.
 18285 | Orc:2    | Bought a potion of agility for 60 gold pieces
 18285 | Orc:2    | Bought a potion of curing for 45 gold pieces
 18285 | Orc:2    | Bought a potion of agility for 60 gold pieces
 18285 | Orc:2    | Bought a potion of invisibility for 120 gold pieces
 18285 | Orc:2    | Bought 2 potions of might for 120 gold pieces
 18285 | Orc:2    | Bought a potion of experience for 750 gold pieces
 18285 | Orc:2    | Bought 2 potions of curing for 90 gold pieces
 18285 | Orc:2    | Reached XP level 16. HP: 109/144 MP: 15/15
 18412 | Orc:2    | Found a roughly hewn altar of Beogh.
 18412 | Orc:2    | Found Egep's Gadget Emporium.
 18425 | Orc:2    | Found Towk's Antique Weapon Emporium.
 18430 | Orc:2    | Reached ****** piety under Trog
 18801 | Lair:1   | Entered Level 1 of the Lair of Beasts
 19446 | Lair:2   | Found a hole to the Spider Nest.
 19483 | Lair:2   | Received a gift from Trog
 19601 | Lair:2   | Found a staircase to the Swamp.
 20080 | Swamp:1  | Entered Level 1 of the Swamp
 20225 | Spider:1 | Entered Level 1 of the Spider Nest
 20262 | Spider:1 | Reached skill level 17 in Dodging
 20874 | Elf:1    | Entered Level 1 of the Elven Halls
 21232 | Elf:1    | Noticed Nikola
 21271 | Elf:1    | Killed from afar by Nikola

Skill      XL: |  1  2  3  4  5  6  7  8  9 10 11 12 13 14 15 16 |
---------------+-------------------------------------------------+-----
Shields        | 4 5 6 7 9 10 11 12 13 14 | 14.0
Armour         | 4 5 6 8 9 10 11 12 13 14 | 14.0
Dodging        | 1 2 3 4 5 7 9 10 12 13 14 16 17 | 17.1
Fighting       | 4 5 6 7 9 10 11 12 13 14 | 14.0
Long Blades    | 3 4 5 6 7 8 10 11 12 13 | 13.9

Action                   |  1- 3 |  4- 6 |  7- 9 | 10-12 | 13-15 | 16-18 || total
-------------------------+-------+-------+-------+-------+-------+-------++-------
Melee: Long sword        |   118 |   143 |       |       |   493 |   279 ||  1033
       Headbutt          |    13 |    32 |    74 |   310 |   264 |    69 ||   762
       Falchion          |       |    12 |   222 |  1030 |   348 |       ||  1612
       Double sword      |       |       |       |       |     5 |       ||     5
       Scimitar          |       |       |       |       |     5 |       ||     5
Invok: Berserk           |       |       |     4 |     4 |    11 |       ||    19
       Brothers in Arms  |       |       |       |       |     2 |       ||     2
Evoke: Wand              |       |       |       |    34 |     2 |     5 ||    41
  Use: Scroll            |       |    11 |     7 |    13 |    12 |     4 ||    47
       Potion            |       |       |     1 |     5 |     6 |       ||    12
 Stab: Paralysed         |       |       |       |    12 |       |       ||    12
  Eat: Chunk             |     1 |     7 |     9 |    23 |    18 |     7 ||    65
       Ration            |       |       |       |     3 |     5 |     1 ||     9
Armor: Scale mail        |    57 |    69 |    76 |       |       |       ||   202
       Ring mail         |       |       |    12 |   251 |   166 |    37 ||   466
Dodge: Dodged            |    37 |    86 |   108 |   551 |   303 |   109 ||  1194
Block: Shield            |    74 |   113 |   145 |   635 |   574 |   204 ||  1745
       Rpst.: Long sword |     7 |    29 |       |       |    29 |    36 ||   101
       Falchion          |       |     1 |    17 |   130 |    28 |       ||   176
